 Dungeon Crawl Stone Soup version 0.32-a0-42-ga30500b4d3 (webtiles) character file.

Game seed: 8086100001265127700

58834 Newt the Spear-Bearer (level 14, -1/99 HPs)
             Began as a Merfolk Gladiator on Jan 25, 2024.
             Was an Initiate of Yredelemnul.
             Shot with an arrow by Nessos (4 damage)
             ... on level 2 of the Orcish Mines on Jan 26, 2024.
             The game lasted 00:53:00 (26706 turns).

Newt the Spear-Bearer (Merfolk Gladiator)          Turns: 26706, Time: 00:53:03

Health: -1/99      AC: 28    Str: 23    XL:     14   Next: 92%
Magic:  29/29      EV: 11    Int:  7    God:    Yredelemnul [......]
Gold:   2892       SH: 20    Dex: 15    Spells: 34/36 levels left

rFire   . . .        a - +9 sword of Zonguldrok {reap}
rCold   . . .        Q - +1 kite shield
rNeg    . . .        U - +18 Lear's hauberk
rPois   .            (helmet currently unavailable)
rElec   .            g - scarf {repulsion}
rCorr   .            (gloves currently unavailable)
SInv    .            (boots currently unavailable)
Will    ++...        P - amulet "Aqus" {Reflect ^Contam Rampage Str+3 SH+5} Stlth
                     C - +4 ring of slaying
HPRegen 0.36/turn    x - ring of willpower
MPRegen 0.21/turn

%: repel missiles, reflection, rampage
@: lethally poisoned (-1 -> -30), studying Throwing
A: reduced essence, (nimble swimmer 2), mertail, large bone plates 1, mutation
resistance 1, sense surroundings 1
a: Renounce Religion, Recall Undead Harvest


You were on level 2 of the Orcish Mines.
You worshipped Yredelemnul.
Yredelemnul was noncommittal.
You visited 4 branches of the dungeon, and saw 23 of its levels.
You also visited: Sewer and Gauntlet.

You collected 4028 gold pieces.
You spent 1136 gold pieces at shops.

Inventory:

Hand Weapons
 a - the +9 sword of Zonguldrok (weapon) {reap}
   (You found it in a Gauntlet)
 b - a +3 trident of draining
Missiles
 d - 2 throwing nets (quivered)
 e - 4 javelins
 k - 7 boomerangs
 J - 6 atropa-tipped darts
 V - 4 silver javelins
Armour
 c - a +2 scale mail of fire resistance
 g - a scarf of repulsion (worn)
 Q - a +1 kite shield (worn)
 U - the +18 Lear's hauberk (worn)
   (You found it on level 8 of the Dungeon)
Jewellery
 f - a ring of resist corrosion
 x - a ring of willpower (right hand)
 B - a ring of protection from fire
 C - a +4 ring of slaying (left hand)
 D - a +5 ring of evasion
 E - a ring of positive energy
 P - the amulet "Aqus" (around neck) {Reflect ^Contam Rampage Str+3 SH+5}
   (You found it in a Gauntlet)

   [amulet of reflection]

   Reflect:   It reflects blocked missile attacks.
   Str+3:     It affects your strength (+3).
   ^Contam:   It causes magical contamination when unequipped.
   SH+5:      It affects your SH (+5).
   Rampage:   It bestows one free step when moving towards enemies.
 Z - a ring of flight
Wands
 u - a wand of polymorph (5)
 y - a wand of flame (73)
 I - a wand of roots (21)
 K - a wand of paralysis (27)
 M - a wand of mindburst (2)
Scrolls
 h - 3 scrolls of fear
 n - a scroll of summoning
 o - 5 scrolls of blinking
 q - 7 scrolls of teleportation
 L - 2 scrolls of enchant weapon
 O - 6 scrolls of revelation
 R - 2 scrolls of enchant armour
 T - a scroll of silence
 X - 2 scrolls of vulnerability
Potions
 i - 2 potions of cancellation
 j - a potion of heal wounds
 l - 3 potions of attraction
 p - 10 potions of curing
 s - a potion of might
 v - a potion of mutation
 w - 4 potions of brilliance
 z - 2 potions of resistance
 A - a potion of enlightenment
 F - a potion of magic
 G - 3 potions of ambrosia
 H - 3 potions of invisibility
 N - 3 potions of berserk rage
 S - 3 potions of lignification
Miscellaneous
 r - a phial of floods


   Skills:
 - Level 10.0 Fighting
 * Level 9.7 Long Blades
 - Level 14.7 Polearms
 - Level 2.0 Throwing
 - Level 7.2 Armour
 - Level 8.4 Dodging
 - Level 3.8 Stealth
 - Level 5.3 Shields
 - Level 11.6 Spellcasting
 - Level 5.0 Summonings
 - Level 7.5 Invocations
 - Level 5.0 Evocations


You had 34 spell levels left.
You knew the following spells:

 Your Spells              Type           Power      Damage    Failure   Level
a - Call Imp              Summ           22%        N/A       28%         2

Your spell library contained the following spells:

 Spells                   Type           Power      Damage    Failure   Level
 Necrotise                Necr           16%        1d4       83%         1
 Lesser Beckoning         Tloc           8%         N/A       92%         2
 Static Discharge         Conj/Air       8%         3-4/arc   92%         2
 Sublimation of Blood     Necr           4%         N/A       92%         2
 Frozen Ramparts          Ice            8%         1d2       99%         3
 Fugue of the Fallen      Necr           4%         N/A       99%         3
 Gell's Gravitas          Tloc           4%         N/A       99%         3
 Ozocubu's Armour         Ice            4%         N/A       99%         3
 Stone Arrow              Conj/Erth      8%         3d7       99%         3
 Teleport Other           Tloc           4%         N/A       99%         3
 Tukima's Dance           Hex            4%         N/A       99%         3
 Vampiric Draining        Necr           4%         2d6       99%         3
 Animate Armour           Summ/Erth      14%        N/A       99%         4
 Martyr's Knell           Necr/Summ      7%         N/A       99%         4
 Summon Blazeheart Golem  Fire/Summ      7%         N/A       99%         4
 Summon Lightning Spire   Summ/Air       7%         N/A       99%         4
 Airstrike                Air            2%         2d(1-17)  100%        4
 Dimensional Bullseye     Hex/Tloc       2%         N/A       100%        4
 Iskenderun's Mystic Bla  Conj/Tloc      4%         2d3       100%        4
 Leda's Liquefaction      Alch/Erth      2%         N/A       100%        4
 Manifold Assault         Tloc           4%         N/A       100%        4
 Petrify                  Alch/Erth      4%         N/A       100%        4
 Vhi's Electric Charge    Tloc/Air       8%         N/A       100%        4
 Alistair's Intoxication  Alch           2%         N/A       100%        5
 Arcjolt                  Conj/Air       2%         1d12      100%        5
 Borgnjor's Vile Clutch   Necr/Erth      2%         N/A       100%        5
 Curse of Agony           Necr           4%         N/A       100%        5
 Metabolic Englaciation   Hex/Ice        2%         N/A       100%        5
 Summon Forest            Summ/Tloc      3%         N/A       100%        5
 Eringya's Noxious Bog    Alch           2%         4d6       100%        6
 Plasma Beam              Fire/Air       2%         2x1d12    100%        6
 Haunt                    Necr/Summ      3%         N/A       100%        7
 Orb of Destruction       Conj           2%         9d5       100%        7
 Spellforged Servitor     Conj/Summ      3%         N/A       100%        7
 Summon Hydra             Summ           5%         N/A       100%        7
 Infestation              Necr           2%         N/A       100%        8
 Lehudib's Crystal Spear  Conj/Erth      2%         10d2      100%        8
 Animate Dead             Necr           Unusable   N/A       N/A         4

Dungeon Overview and Level Annotations

Branches:
Dungeon (15/15)            Temple (1/1) D:7            Lair (5/5) D:11
 Shoals (0/4) Lair:3       Spider (0/4) Lair:3        Slime (0/5) Lair:4
    Orc (2/2) D:10         Vaults (0/5) D:13         Depths (0/4) D:15
  Sewer (visited)         Gauntlet (visited)
    Elf: Orc:2

Altars:
Ashenzari
Cheibriados
Dithmenos
Elyvilon
Fedhas
Gozag
Hepliaklqana
Kikubaaqudgha
Makhleb
Nemelex Xobeh
Okawaru
Qazlal
Ru
Sif Muna
Trog
Uskayaw
Vehumet
Wu Jian
Xom
Yredelemnul
Zin
The Shining One
Jiyva

Shops:
D:4 =   D:10 [(   Orc:1 !   Orc:2 *

Annotations:
D:6 2 transporters, discipleofbeogh's ghost, novice DEIE
D:7 3 runed translucent doors, Azoth's ghost, novice DrSh; IdlyInterested's ghost, novice DsGl; RockinRobin's ghost, novice DsFi; cforsyth's ghost, novice OnSh
D:13 2 transporters, 6 runed translucent doors, DeathSocks's ghost, journeyman MiGl
Orc:2 Nessos


Innate Abilities, Weirdness & Mutations

Your life essence is reduced to manifest your ancestor. (-10% HP)
((You are very nimble when in or above water. (Stealth+, EV+, Speed+++)))
Your lower body shifts to a powerful aquatic tail in water.
You are partially covered in large bone plates. (SH +4)
You are somewhat resistant to further mutation.
You passively map a small area around you.


Message History

Unknown command.
Nessos shoots an arrow.
The arrow barely misses you.
The arrow hits the orc warrior!
The arrow burns the orc warrior.
The orc warrior is poisoned.
You block the troll's attack. x3
Nessos gestures wildly while chanting.
Nessos blinks!
The ogre hits your troll zombie with a +0 giant club!
Your troll zombie bites the kobold blastminer.
Your troll zombie claws the kobold blastminer but does no damage.
Your troll zombie claws the kobold blastminer.
The orc warrior hits you with a +0 flail.
* * * LOW HITPOINT WARNING * * *
A kobold blastminer comes into view.
Something hits your troll zombie!
Your troll zombie is destroyed!
You hear a shout!
The kobold blastminer shouts!
You block the troll's attack. x3
Unknown command.
Unknown command.
The troll attacks as it pursues you! The troll bites you but does no damage.
The troll claws you.
* * * LOW HITPOINT WARNING * * *
You block the troll's attack.
Unknown command.
Unknown command.
Your surroundings suddenly seem different.
Unknown command.
Unknown command.
You start resting.
Nessos is nearby!
Nessos is nearby!
Nessos is nearby!
Nessos shouts!
Nessos shoots an arrow.
The arrow hits you!!
* * * LOW HITPOINT WARNING * * *
The arrow burns you.
You are lethally poisoned!
You die...
Your body rises from the dead as a mindless zombie.

.............#..............#.##
...##...............c..........#
.....#..).....................#
..........)..................##
..........)...................#
.........))).................##
.......#...............#......#
.......................#...#.##
................@...#...#.####
..####..##.#.#..##.###.#### ###
############### ###


You could see Nessos (fast).

Vanquished Creatures
  An orc warlord (Orc:1)
  The ghost of ShellytheWitch the Fighter, a journeyman KoBr of Dithmenos (Lair:5)
  A minotaur (Gauntlet)
  The ghost of Netol the Slicer, a journeyman DsEn of Dithmenos (Lair:4)
  4 hydras
  8 vault guards (D:13)
  4 centaur warriors
  An anaconda (Lair:5)
  3 boulder beetles
  Erica (D:8)
  A death yak (Lair:5)
  A catoblepas (Lair:5)
  2 two-headed ogres
  A sphinx skeleton (D:15)
  3 tengu warriors
  A vampire mage (D:14)
  2 thrashing horrors (Gauntlet)
  An orc high priest (Orc:2)
  A skyshark (Lair:5)
  A goliath frog (Lair:3)
  3 skeletal warriors
  A storm dragon skeleton (D:15)
  2 lindwurms (Lair:5)
  Pikel (D:8)
  An orc knight (D:10)
  A wolf spider (D:15)
  A necromancer (D:15)
  3 orc sorcerers (Orc:2)
  2 deep elf pyromancers
  8 ugly things
  6 cyclopes (D:13)
  Maurice (D:8)
  4 manticores
  An oklob plant (Lair:5)
  3 elephants (Lair:4)
  A meliai (D:13)
  A black mamba (Lair:1)
  6 cane toads
  5 gargoyles
  Maggie (D:6)
  Jeremiah (D:7)
  3 efreet
  8 komodo dragons
  A red devil (Gauntlet)
  2 tengu conjurers
  8 polar bears
  3 hornets
  9 trolls
  A polar bear (shapeshifter) (D:13)
  A blink frog (Lair:1)
  6 dream sheep
  Sigmund (D:2)
  2 slime creatures (D:8)
  A shadow (D:13)
  19 yaks
  5 spriggans (Lair:5)
  4 wyverns
  A vampire (D:8)
  4 wraiths
  7 steam dragons
  3 water elementals (D:13)
  5 wargs
  A vampire mosquito (D:11)
  7 basilisks
  A redback (Lair:3)
  2 death yak simulacra (Lair:5)
  An acid dragon (D:11)
  3 swamp worms (Lair:3)
  13 water moccasins
  A hydra simulacrum (Lair:5)
  5 black bears
  An ice beast (D:6)
  11 orc warriors
  A sky beast (D:8)
  3 laughing skulls (Gauntlet)
  4 ogres
  A small abomination (Gauntlet)
  9 centaurs
  11 boggarts
  28 wolves
  3 phantoms
  2 kobold brigands
  6 bullfrogs
  3 gnoll sergeants (D:8)
  3 scorpions
  5 wights
  3 elephant simulacra (Lair:5)
  14 killer bees
  9 howler monkeys
  7 electric eels
  3 crimson imps (Gauntlet)
  3 hounds
  A bombardier beetle (D:6)
  A gnoll bouda (D:9)
  7 jellies
  8 orc priests
  3 sleepcaps
  Natasha (D:3)
  15 orc wizards
  6 hell rats (Lair:2)
  19 gnolls
  3 river rats (Sewer)
  9 adders
  3 shadow imps
  A white imp (D:7)
  2 ufetubi (D:6)
  5 ribbon worms
  39 orcs
  5 bats
  12 endoplasms
  5 giant cockroaches
  5 goblins
  6 hobgoblins
  3 jackals (D:1)
  4 kobolds
  6 quokkas
  6 ball pythons
  6 frilled lizards
  4 rats
535 creatures vanquished.

Vanquished Creatures (collateral kills)
  3 hydras
  Fannar (Lair:2)
  A centaur warrior (D:15)
  2 two-headed ogres
  Sonja (D:13)
  A swamp dragon (Lair:3)
  A skeletal warrior (D:15)
  2 orc knights
  A necromancer (Lair:5)
  A cyclops (D:15)
  An ugly thing (D:12)
  A moth of wrath (Lair:5)
  2 slime creatures (Lair:4)
  A gargoyle (D:13)
  2 black mambas
  A smoke demon (Gauntlet)
  2 cane toads
  An unseen horror (D:12)
  4 komodo dragons
  A freezing wraith (D:14)
  2 trolls (D:11)
  2 hornets (Lair:5)
  4 blink frogs (Lair:1)
  2 dream sheep (Lair:3)
  6 spriggans (Lair:5)
  6 yaks
  3 shadows
  A vampire (D:9)
  3 jumping spiders (Lair:3)
  2 wyverns (Lair:5)
  A fire elemental (D:14)
  A death yak simulacrum (Lair:5)
  A redback (Lair:3)
  3 vampire mosquitoes
  2 swamp worms (Lair:3)
  2 hydra simulacra (Lair:5)
  9 water moccasins
  5 orc warriors
  A boggart (D:14)
  10 wolves
  3 centaurs
  A gnoll sergeant (D:11)
  A bullfrog (Lair:1)
  A small abomination (Gauntlet)
  A killer bee (D:10)
  2 elephant simulacra (Lair:5)
  3 electric eels (D:13)
  A crimson imp (Gauntlet)
  A sleepcap (D:4)
  A hell rat (Lair:2)
  A gnoll (D:9)
  A ribbon worm (D:4)
  8 orcs
  A goblin (D:4)
  A rat (Sewer)
123 creatures vanquished.

Vanquished Creatures (others)
  A redback zombie (Lair:3)
  A swamp worm zombie (Lair:3)
  A spectral swamp dragon (Lair:4)
  A hydra zombie (Lair:5)
  A black mamba zombie (Lair:1)
  A human zombie (Lair:5)
  2 cane toad zombies
  2 dream sheep zombies
  A hornet zombie (Lair:5)
  An orc warrior (Orc:2)
  2 elephant zombies (Lair:4)
  A blink frog zombie (Lair:1)
  A lindwurm zombie (Lair:5)
  2 wyvern zombies
  5 water moccasin zombies
  A troll zombie (Orc:2)
  3 yak zombies (Lair:5)
  4 spriggan zombies (Lair:5)
  2 polar bear zombies (Lair:5)
  An electric eel (D:14)
  13 wolf zombies
  6 knights
  A bullfrog zombie (Lair:4)
  A basilisk zombie (Lair:5)
  4 ancestors
  3 boggart zombies (Lair:5)
  3 hell rat zombies (Lair:2)
  An adder (D:6)
  2 steam dragon zombies (Lair:3)
  A jelly zombie (Lair:4)
  2 orcs
  18 orc zombies
89 creatures vanquished.

Grand Total: 747 creatures vanquished

Notes
Turn   | Place    | Note
-------+----------+-------------------------------------------
     0 | D:1      | Newt the Merfolk Gladiator began the quest for the Orb.
     0 | D:1      | Reached XP level 1. HP: 16/16 MP: 1/1
   137 | D:1      | Reached XP level 2. HP: 23/23 MP: 2/2
  1018 | D:2      | Reached skill level 1 in Summonings
  1018 | D:2      | Reached XP level 3. HP: 28/28 MP: 3/3
  1047 | D:2      | Learned a level 2 spell: Call Imp
  1053 | D:2      | Noticed Sigmund
  1304 | D:2      | Killed Sigmund
  1305 | D:2      | Reached skill level 5 in Dodging
  1305 | D:2      | Reached skill level 1 in Spellcasting
  1305 | D:2      | Reached XP level 4. HP: 35/35 MP: 1/6
  1305 | D:2      | Reached XP level 5. HP: 41/41 MP: 1/7
  1763 | D:2      | Reached XP level 6. HP: 47/47 MP: 8/8
  2372 | D:3      | Noticed Natasha
  2373 | D:3      | Killed Natasha
  2719 | D:5      | Entered Level 5 of the Dungeon
  2935 | D:4      | Identified a scroll of acquirement
  2936 | D:4      | Acquired 919 gold pieces
  2974 | D:4      | Reached XP level 7. HP: 49/55 MP: 7/10
  3077 | D:4      | Found a glowing drain.
  3095 | Sewer    | Entered a sewer
  3367 | Sewer    | Reached skill level 5 in Summonings
  3390 | Sewer    | Found a shimmering altar of Xom.
  3428 | Sewer    | Reached skill level 5 in Polearms
  3770 | D:4      | Found Deikloamnui's Jewellery Shoppe.
  3774 | D:4      | Bought a +5 ring of evasion for 360 gold pieces
  3774 | D:4      | Bought an amulet of guardian spirit for 300 gold pieces
  4001 | D:5      | Reached skill level 5 in Fighting
  4121 | D:5      | Reached skill level 6 in Polearms
  4121 | D:5      | Reached XP level 8. HP: 51/62 MP: 7/11
  4530 | D:5      | Reached skill level 7 in Polearms
  4976 | D:6      | Reached skill level 8 in Polearms
  5073 | D:6      | Found a transporter.
  5087 | D:6      | Noticed a small abomination
  5128 | D:6      | Found a transporter.
  5179 | D:6      | Noticed Maggie
  5197 | D:6      | Killed Maggie
  5198 | D:6      | Reached skill level 9 in Polearms
  5198 | D:6      | Reached XP level 9. HP: 63/71 MP: 2/12
  5335 | D:6      | Noticed a red ugly thing
  5335 | D:6      | Noticed discipleofbeogh's ghost (novice DEIE)
  5792 | D:7      | Found a glowing golden altar of the Shining One.
  5797 | D:7      | Noticed Jeremiah
  5827 | D:7      | Killed Jeremiah
  5828 | D:7      | Reached skill level 10 in Polearms
  6021 | D:6      | Reached skill level 1 in Evocations
  6026 | D:6      | Reached skill level 1 in Stealth
  6349 | D:7      | Found a staircase to the Ecumenical Temple.
  6354 | Temple   | Entered the Ecumenical Temple
  6375 | Temple   | Became a worshipper of Hepliaklqana the Forgotten
  6422 | D:7      | Found a runed translucent gate.
  6423 | D:7      | Found a runed translucent gate.
  6423 | D:7      | Found a runed translucent gate.
  6424 | D:7      | Noticed Azoth's ghost (novice DrSh)
  6424 | D:7      | Noticed IdlyInterested's ghost (novice DsGl)
  6424 | D:7      | Noticed cforsyth's ghost (novice OnSh)
  6424 | D:7      | Noticed RockinRobin's ghost (novice DsFi)
  6854 | D:8      | Found the +18 Lear's hauberk
  6863 | D:8      | Reached XP level 10. HP: 68/80 MP: 9/13
  6994 | D:8      | Noticed Pikel
  7007 | D:8      | Killed Pikel
  7008 | D:8      | Reached skill level 1 in Armour
  7008 | D:8      | Reached skill level 5 in Evocations
  7195 | D:8      | Noticed Maurice
  7219 | D:8      | Something stole a +0 trident
  7220 | D:8      | Something stole 3 throwing nets
  7223 | D:8      | Something stole a +0 kite shield
  7233 | D:8      | Something stole 689 gold
  7236 | D:8      | Something stole 39 gold
  7252 | D:8      | Killed Maurice
  7420 | D:8      | Noticed a skeletal warrior
  7443 | D:8      | Killed a skeletal warrior
  7447 | D:8      | Reached XP level 11. HP: 76/89 MP: 11/14
  7554 | D:8      | Reached skill level 5 in Armour
  7720 | D:8      | Noticed a manticore
  7782 | D:8      | Noticed a manticore
  7786 | D:8      | Killed a manticore
  7787 | D:8      | Reached skill level 10 in Fighting
  8013 | D:8      | Identified the staff of Vengeance {*Corrode +Blink rElec
                  | Dex+4 Stlth+ Air}
  8122 | D:8      | Killed a manticore
  8131 | D:8      | Noticed Erica
  8139 | D:8      | Killed Erica
  8513 | D:9      | Reached * piety under Hepliaklqana
  8564 | D:9      | Reached skill level 1 in Shields
  8984 | D:9      | Noticed a two-headed ogre
  8997 | D:9      | Killed a two-headed ogre
  9348 | D:10     | Entered Level 10 of the Dungeon
  9348 | D:10     | Noticed an orc knight
  9348 | D:10     | Found Pythio's Weapon Shoppe.
  9362 | D:10     | Killed an orc knight
  9365 | D:10     | Found a staircase to the Orcish Mines.
  9367 | D:10     | Found Kiagh's Armour Shoppe.
  9552 | D:10     | Reached XP level 12. HP: 61/87 MP: 16/18
  9651 | D:10     | Reached ** piety under Hepliaklqana
  9652 | D:10     | Remembered your ancestor Udjahorresnet as a knight
  9754 | D:10     | Noticed a two-headed ogre
  9761 | D:10     | Killed a two-headed ogre
  9859 | D:10     | Reached skill level 11 in Polearms
 10381 | D:11     | Acquired 908 gold pieces
 10530 | D:11     | Reached skill level 5 in Spellcasting
 10588 | D:11     | Noticed a two-headed ogre
 10594 | D:11     | Killed a two-headed ogre
 10595 | D:11     | Reached skill level 5 in Shields
 10842 | D:11     | Found a staircase to the Lair.
 10895 | D:11     | Noticed a boulder beetle
 10933 | D:11     | Paralysed by an orc warrior for 4 turns
 10946 | D:11     | Paralysed by an orc warrior for 4 turns
 11251 | D:11     | Killed a boulder beetle
 11280 | D:11     | Noticed a boulder beetle
 11293 | D:11     | Killed a boulder beetle
 11294 | D:11     | Reached skill level 12 in Polearms
 11618 | D:12     | Reached *** piety under Hepliaklqana
 11642 | D:12     | Noticed a two-headed ogre
 11666 | D:12     | Killed a two-headed ogre
 12007 | D:12     | Noticed a tengu warrior
 12023 | D:12     | Killed a tengu warrior
 12024 | D:12     | Reached XP level 13. HP: 63/92 MP: 25/25
 12528 | D:13     | Reached skill level 13 in Polearms
 12548 | D:13     | Found a transporter.
 12550 | D:13     | Noticed DeathSocks's ghost (journeyman MiGl)
 12551 | D:13     | Found a transporter.
 12981 | D:13     | Noticed Sonja
 12990 | D:13     | Killed Sonja
 13031 | D:13     | Found a gate to the Vaults.
 13031 | D:13     | Noticed a vault guard
 13031 | D:13     | Noticed a vault guard
 13031 | D:13     | Noticed a vault guard
 13031 | D:13     | Noticed a vault guard
 13031 | D:13     | Noticed a vault guard
 13033 | D:13     | Noticed a vault guard
 13033 | D:13     | Noticed a vault guard
 13035 | D:13     | Noticed a vault guard
 13055 | D:13     | Killed a vault guard
 13083 | D:13     | Killed a vault guard
 13094 | D:13     | Killed a vault guard
 13109 | D:13     | Killed a vault guard
 13112 | D:13     | Killed a vault guard
 13116 | D:13     | Killed a vault guard
 13117 | D:13     | Reached skill level 10 in Spellcasting
 13126 | D:13     | Killed a vault guard
 13127 | D:13     | Reached skill level 14 in Polearms
 13132 | D:13     | Killed a vault guard
 13454 | D:13     | Noticed a storm dragon
 13456 | D:13     | Noticed a sphinx
 13495 | D:13     | Identified the +0 robe "Qenwodwo" {rPois}
 13495 | D:13     | Noticed a yaktaur captain
 13656 | D:13     | Found a runed translucent gate.
 13656 | D:13     | Found a runed translucent gate.
 13656 | D:13     | Found a runed translucent gate.
 13658 | D:13     | Noticed a yaktaur captain
 13694 | D:13     | Found a runed translucent gate.
 13694 | D:13     | Found a runed translucent gate.
 13694 | D:13     | Found a runed translucent gate.
 13785 | D:13     | Reached **** piety under Hepliaklqana
 14153 | D:14     | Found a gate leading to a gauntlet.
 14170 | D:14     | Reached skill level 1 in Invocations
 14173 | Gauntlet | Entered a Gauntlet
 14173 | Gauntlet | Found a transporter.
 14173 | Gauntlet | Found a transporter.
 14261 | Gauntlet | Found a transporter.
 14265 | Gauntlet | Found a transporter.
 14273 | Gauntlet | Found a transporter.
 14277 | Gauntlet | Found a transporter.
 14287 | Gauntlet | Found a transporter.
 14305 | Gauntlet | Found a transporter.
 14306 | Gauntlet | Noticed a great orb of eyes
 14323 | Gauntlet | Found a transporter.
 14327 | Gauntlet | Found a transporter.
 14335 | Gauntlet | Found a transporter.
 14339 | Gauntlet | Found a transporter.
 14340 | Gauntlet | Found the +9 sword of Zonguldrok {reap}
 14376 | Gauntlet | Upgraded the game from 0.32-a0-41-gec2d92a32c to
                  | 0.32-a0-42-ga30500b4d3
 14660 | Gauntlet | Identified the amulet "Aqus" {Reflect ^Contam Rampage Str+3
                  | SH+5}
 14710 | Gauntlet | Reached XP level 14. HP: 79/99 MP: 29/29
 14770 | Gauntlet | Identified the +5 scimitar of the Changing Madman {pain,
                  | +Blink}
 14797 | Gauntlet | Identified the +5 dagger "Baurrenn" {freeze, Str+5}
 15133 | D:14     | Reached skill level 1 in Long Blades
 15261 | D:14     | Reached skill level 5 in Invocations
 15656 | D:15     | Entered Level 15 of the Dungeon
 15667 | D:15     | Reached skill level 5 in Long Blades
 15945 | D:15     | Found a staircase to the Depths.
 16732 | D:15     | Reached ***** piety under Hepliaklqana
 17125 | Lair:1   | Entered Level 1 of the Lair of Beasts
 17800 | Lair:1   | Found a hazy altar of Hepliaklqana.
 18101 | Lair:2   | Noticed Fannar
 18110 | Lair:2   | Killed Fannar
 18549 | Lair:2   | Identified the +9 mace "Cuum" {flame, rN+ Dex-5 Stlth+}
 19357 | Temple   | Fell from the grace of Hepliaklqana
 19357 | Temple   | Became a worshipper of Yredelemnul the Dark
 19631 | Lair:3   | Reached * piety under Yredelemnul
 19641 | Lair:3   | Reached ** piety under Yredelemnul
 19643 | Lair:3   | Reached *** piety under Yredelemnul
 19650 | Lair:3   | Reached **** piety under Yredelemnul
 19651 | Lair:3   | Reached ***** piety under Yredelemnul
 20182 | Lair:3   | Reached ****** piety under Yredelemnul
 20722 | Lair:3   | Found a hole to the Spider Nest.
 20856 | Lair:3   | Found a staircase to the Shoals.
 22068 | Lair:4   | Found a viscous altar of Jiyva.
 22068 | Lair:4   | Found a staircase to the Slime Pits.
 22520 | Lair:4   | Found a large runed translucent door.
 22520 | Lair:4   | Found a large runed translucent door.
 22522 | Lair:4   | Noticed Netol's ghost (journeyman DsEn)
 22561 | Lair:4   | Killed Netol's ghost
 22566 | Lair:4   | Identified the +0 scale mail of the Planets {rElec rN+
                  | rCorr}
 22910 | Lair:5   | Entered Level 5 of the Lair of Beasts
 22921 | Lair:5   | Paralysed by a hornet for 1 turns
 22927 | Lair:4   | Paralysed by a hornet for 1 turns
 23559 | Lair:5   | Found a transporter.
 23589 | Lair:5   | Noticed ShellytheWitch's ghost (journeyman KoBr)
 23604 | Lair:5   | Paralysed by a hornet for 1 turns
 23621 | Lair:5   | Found a transporter.
 24073 | Lair:5   | Found a hazy altar of Hepliaklqana.
 25159 | Lair:5   | Killed ShellytheWitch's ghost
 25161 | Lair:5   | Identified the +0 hat of Cocytus {MP+9 Str-3 Dex+2}
 25495 | Orc:1    | Entered Level 1 of the Orcish Mines
 25571 | Orc:1    | Found Gyelab's Distillery.
 25578 | Orc:1    | Bought 2 potions of invisibility for 224 gold pieces
 25578 | Orc:1    | Bought a potion of heal wounds for 70 gold pieces
 25578 | Orc:1    | Bought a potion of mutation for 112 gold pieces
 25578 | Orc:1    | Bought a potion of berserk rage for 70 gold pieces
 25578 | Orc:1    | Gained mutation: You are clumsy. (Dex -2) [potion of
                  | mutation]
 25578 | Orc:1    | Gained mutation: You are frail. (-10% HP) [potion of
                  | mutation]
 25579 | Orc:1    | Lost mutation: You are frail. (-10% HP) [potion of
                  | mutation]
 25579 | Orc:1    | Lost mutation: You are clumsy. (Dex -2) [potion of
                  | mutation]
 25579 | Orc:1    | Gained mutation: You are partially covered in large bone
                  | plates. (SH +4) [potion of mutation]
 25579 | Orc:1    | Gained mutation: You are somewhat resistant to further
                  | mutation. [potion of mutation]
 25579 | Orc:1    | Gained mutation: You passively map a small area around you.
                  | [potion of mutation]
 25674 | Orc:2    | Entered Level 2 of the Orcish Mines
 25874 | Orc:2    | Noticed an orc warlord
 26021 | Orc:1    | Killed an orc warlord
 26663 | Orc:2    | Found Bisch's General Store.
 26688 | Orc:2    | Noticed Nessos
 26706 | Orc:2    | HP: 3/99 [Nessos/arrow (23)]
 26706 | Orc:2    | Shot with an arrow by Nessos

Illustrated notes

Levels and vault maps discovered:
D:1:      lemuel_arrival_lava_pool, layout_basic
D:2:      layout_rooms, kennysheep_nondescript, uniq_sigmund
D:3:      layout_basic, uniq_natasha
D:4:      layout_cave_pools, serial_shops, nicolae_shop_back_alley_shop,
          cheibrodos_sewer_entry_bend
D:5:      layout_basic
D:6:      layout_rooms, gammafunk_ghost_abyssal_escape, uniq_maggie
D:7:      minmay_spotlight, layout_gridville, tso_metal_star,
          minmay_temple_entry_offerings, gammafunk_ghost_cemetery, uniq_jeremiah
D:8:      minmay_the_grid_octo_tiled_octocenter [minmay_the_grid_octo_chip,
          minmay_the_grid_octo_clover_2, minmay_the_grid_octo_clover,
          minmay_the_grid_octo_pinwheel, minmay_the_grid_octo_prize_big_c,
          minmay_the_grid_square_5x5_tetrominoes,
          minmay_the_grid_square_5x5_inner_i, minmay_the_grid_square_5x5_v,
          minmay_the_grid_square_5x5_plus], layout_loops_ring, uniq_pikel,
          uniq_maurice, uniq_erica
D:9:      layout_roguey
D:10:     layout_stronghold, orc_david_3, kennysheep_generic_room_4
D:11:     layout_rooms, lair_entry_dummy, kennysheep_kite_vault
D:12:     layout_long_grid
D:13:     kennysheep_treasure_stockpile, layout_basic, erik_vaults_2,
          gammafunk_ghost_mausoleum, glass_columns_b, uniq_sonja
D:14:     layout_cave_pools, gauntlet_entry_generic, nicolae_lava_and_water
D:15:     gammafunk_depths_entry_grave, layout_small_grid
Temple:   mainiacjoe_temple_circle_huts
Lair:1:   layout_misc_corridors, basic_altar
Lair:2:   layout_cellular_growth, chequers_serial_rivers_micro_d, st_stairs_12,
          uniq_fannar
Lair:3:   onia_ninara_swampy_vault, layout_cave_pods, shoals_dummy_entry,
          spider_nest_entry_a, hibernation_bobbens
Lair:4:   layout_regular_city, minmay_slime_entry_pillars,
          ebering_ghost_disaster_area, serial_bayou_shore_a
Lair:5:   minmay_lair_end_enchanted_forest, layout_loops_ring, basic_altar,
          gammafunk_ghost_berserking_beasts, chequers_serial_rivers_large_a,
          eino_house_with_fridge
Orc:1:    layout_caves, serial_shops, nicolae_shop_crystal, uniq_snorg
Orc:2:    grunt_orc_gardens, layout_caves, grunt_orc_garden, grunt_orc_garden,
          grunt_orc_garden, grunt_orc_garden, serial_shops,
          nicolae_shop_tiny_glass, shop, uniq_nessos

Skill      XL: |  1  2  3  4  5  6  7  8  9 10 11 12 13 14 |
---------------+-------------------------------------------+-----
Summonings     | 1 3 4 5 |  5.0
Fighting       | 3 4 5 6 7 9 10 | 10.0
Dodging        | 5 6 7 8 |  8.4
Spellcasting   | 1 2 4 8 11 | 11.6
Polearms       | 6 9 10 12 14 | 14.7
Evocations     | 3 5 |  5.0
Stealth        | 3 |  3.8
Armour         | 4 7 |  7.2
Shields        | 3 5 |  5.3
Invocations    | 3 7 |  7.5
Long Blades    | 9 |  9.7
Throwing       | |  2.0

Action                     |  1- 3 |  4- 6 |  7- 9 | 10-12 | 13-15 || total
---------------------------+-------+-------+-------+-------+-------++-------
  Melee: Trident           |    14 |       |    24 |   558 |   538 ||  1134
         Bardiche          |    71 |   126 |   269 |       |       ||   466
         Tailslap          |       |       |     5 |       |     2 ||     7
         Spear             |       |       |       |    37 |       ||    37
         Punch             |       |       |       |     2 |       ||     2
         Double sword      |       |       |       |       |   732 ||   732
  Throw: Throwing net      |       |     1 |       |     1 |       ||     2
   Cast: Call Imp          |     1 |     3 |    23 |    15 |     9 ||    51
 Invoke: Recall Ancestor   |       |       |       |     1 |     4 ||     5
         Ancestor Life: Kn |       |       |       |     1 |       ||     1
         Recall Undead Har |       |       |       |       |     4 ||     4
         Bind Soul         |       |       |       |       |     2 ||     2
         Idealise          |       |       |       |       |     1 ||     1
  Evoke: Wand              |       |       |     4 |    12 |    16 ||    32
         Phial of floods   |       |       |       |       |     1 ||     1
    Use: Scroll            |     3 |     5 |     4 |    14 |    12 ||    38
         Potion            |     1 |       |     1 |     3 |    12 ||    17
   Stab: Sleeping          |     2 |     1 |     5 |       |       ||     8
         Distracted        |       |       |     3 |     1 |    17 ||    21
         Paralysed         |       |       |     4 |     5 |     5 ||    14
         Invisible         |       |       |       |       |     7 ||     7
         Petrified         |       |       |       |       |     5 ||     5
 Armour: Leather armour    |    61 |    60 |   151 |     1 |       ||   273
         Chain mail        |       |       |       |   241 |   721 ||   962
         Skin              |       |       |       |       |    10 ||    10
  Dodge: Dodged            |    76 |   125 |   321 |   273 |   590 ||  1385
         Repelled          |     2 |       |     6 |     5 |    11 ||    24
  Block: Kite shield       |       |       |       |   112 |  1016 ||  1128
         Reflection        |       |       |       |       |    20 ||    20
         Form:             |       |       |       |     1 |       ||     1
         Beast             |       |       |       |     1 |       ||     1

Table legend: (Time is in decaauts)
 A = Elapsed time spent in this place.
 B = Non-inter-level travel time spent in this place.
 C = Inter-level travel time spent in this place.
 D = Time resting spent in this place.
 E = Time spent auto-exploring this place.
 F = Levels seen in this place.
 G = Mean time per level.
                   A        B        C        D        E       F      G
               +--------+--------+--------+--------+--------+-----+--------+
         Total |  26626 |  25399 |   1227 |   7122 |  13153 |  25 | 1065.0 |
       Dungeon |  16314 |  15466 |    848 |   3546 |   8594 |  15 | 1087.6 |
        Temple |     68 |      3 |     65 |      0 |      0 |   1 |   68.0 |
          Lair |   8043 |   7754 |    289 |   2724 |   3840 |   5 | 1608.6 |
  Orcish Mines |   1232 |   1209 |     23 |    602 |    319 |   2 |  616.0 |
         Sewer |    373 |    373 |      0 |      0 |    232 |   1 |  373.0 |
      Gauntlet |    593 |    593 |      0 |    249 |    168 |   1 |  593.0 |
               +--------+--------+--------+--------+--------+-----+--------+

Top non-repeatable levels by time:
  Lair:5: 2258 daAuts
  Lair:3: 2173 daAuts
     D:8: 1866 daAuts
  Lair:4: 1614 daAuts
    D:13: 1572 daAuts
    D:10: 1366 daAuts
     D:1: 1191 daAuts
     D:7: 1153 daAuts
    D:14: 1128 daAuts
     D:5: 1093 daAuts
    D:15: 1048 daAuts
  Lair:2: 1040 daAuts
    D:11: 965 daAuts
     D:6: 961 daAuts
  Lair:1: 957 daAuts
